 Dungeon Crawl Stone Soup version 0.29-a0-911-g88e6f02907 (webtiles) character file.

Game seed: 1586205271848904330

11368 manyhoops the Frost Mage (level 11, -15/89 HPs)
             Began as a Demigod Ice Elementalist on July 25, 2022.
             Demolished by an ogre
             ... wielding a +0 giant club
              (20 damage)
             ... on level 10 of the Dungeon.
             The game lasted 00:29:46 (14086 turns).

manyhoops the Frost Mage (DgIE)                    Turns: 14086, Time: 00:29:47

Health: -15/89     AC: 20    Str:  9    XL:     11   Next: 24%
Magic:  25/36      EV: 12    Int: 29    God:
Gold:   569        SH:  0    Dex: 14    Spells: 8/26 levels left

rFire   . . .      SeeInvis .   g - +2 dagger (protect)
rCold   + . .      Faith    .   (no shield)
rNeg    . . .      Spirit   .   O - +2 robe {rC+}
rPois   .          Reflect  .   T - +2 helmet
rElec   .          Harm     .   S - scarf {shadows}
rCorr   .          Rampage  .   y - +0 pair of gloves
Will    +....                   r - +0 pair of boots
Stlth   ++........              F - amulet of the acrobat
HPRegen 0.24/turn               z - ring of magical power
MPRegen 0.25/turn               G - ring of flight

@: ice-armoured, freezing walls, flying
A: high MP 1, forlorn, divine attributes
a: no special abilities


You were on level 10 of the Dungeon.
You visited 2 branches of the dungeon, and saw 11 of its levels.
You also visited: Ossuary.

You collected 569 gold pieces.

Inventory:

Hand Weapons
 g - a +2 dagger of protection (weapon)
 w - a +3 dagger of venom
Missiles
 n - 17 poisoned darts (quivered)
 R - 2 throwing nets
Armour
 r - a +0 pair of boots (worn)
 v - the +0 ring mail "Bouz" {rPois rN+ Will+}
   (You found it on level 3 of the Dungeon)

   rPois:     It protects you from poison.
   rN:        It protects you from negative energy.
   Will:      It increases your willpower.
 y - a +0 pair of gloves (worn)
 D - the +1 scale mail of the Hippo {+Inv rElec rPois rF-}
   (You found it on level 4 of the Dungeon)

   rF:        It makes you vulnerable to fire.
   rElec:     It insulates you from electricity.
   rPois:     It protects you from poison.
   +Inv:      It lets you turn invisible.
 O - a +2 robe of cold resistance (worn)
 S - a scarf of shadows (worn)
 T - a +2 helmet (worn)
Jewellery
 z - a ring of magical power (left hand)
 F - an amulet of the acrobat (around neck)
 G - a ring of flight (right hand)
Wands
 s - a wand of roots (23)
 u - a wand of digging (5)
 C - a wand of charming (6)
 M - a wand of light (10)
 Q - a wand of polymorph (15)
Scrolls
 a - a scroll of noise {unknown}
 c - 2 scrolls of fear
 d - 4 scrolls of identify
 e - a scroll of poison
 f - a scroll of enchant armour
 k - 2 scrolls of magic mapping {unknown}
 m - a scroll of blinking {unknown}
 p - 2 scrolls of enchant weapon
 q - a scroll of teleportation
 A - a scroll of silence {unknown}
 B - 3 scrolls of immolation
 K - 3 scrolls of vulnerability {unknown}
Potions
 b - 2 potions of flight
 i - a potion of invisibility
 j - 4 potions of magic
 l - a potion of lignification
 o - 3 potions of might
 t - 3 potions of degeneration
 x - 2 potions of curing
 E - a potion of cancellation
 H - 2 potions of berserk rage
 I - a potion of haste
 J - 3 potions of attraction {unknown}
 L - 4 potions of mutation {unknown}
 N - a potion of ambrosia {unknown}
 P - 2 potions of brilliance {unknown}


   Skills:
 - Level 6.0 Fighting
 - Level 5.3 Armour
 - Level 1.7 Dodging
 - Level 1.7 Stealth
 + Level 8.1 Spellcasting
 + Level 6.4 Conjurations
 + Level 10.1 Ice Magic
 - Level 3.1 Air Magic


You had 8 spell levels left.
You knew the following spells:

 Your Spells              Type           Power      Damage    Failure   Level
a - Freeze                Ice            100%       1d11      1%          1
b - Frozen Ramparts       Ice            100%       1d12      1%          3
c - Ozocubu's Armour      Ice            63%        N/A       1%          3
d - Ensorcelled Hibernat  Hex/Ice        82%        N/A       1%          2
e - Freezing Cloud        Conj/Ice/Air   24%        6-21      9%          5
f - Hailstorm             Conj/Ice       56%        3d12      1%          4

Your spell library contained the following spells:

 Spells                   Type           Power      Damage    Failure   Level
 Spider Form              Tmut/Pois      11%        N/A       14%         3
 Metabolic Englaciation   Hex/Ice        20%        N/A       16%         5
 Anguish                  Hex/Necr       5%         N/A       41%         4
 Simulacrum               Ice/Necr       20%        N/A       65%         6
 Borgnjor's Revivificati  Necr           5%         N/A       100%        8
 Necromutation            Tmut/Necr      5%         N/A       100%        8
 Death's Door             Necr           5%         N/A       100%        9
 Polar Vortex             Ice            31%        N/A       100%        9


Dungeon Overview and Level Annotations

Branches:
Dungeon (10/15)            Temple (0/1) D:5             Orc (1/2) D:10
Ossuary (visited)
   Lair: D:8-11


Innate Abilities, Weirdness & Mutations

You have an increased reservoir of magic. (+10% MP)
You shall have no god before yourself.
Your divine heritage dramatically boosts your attributes as you level up.


Message History

Casting: Frozen Ramparts (safe; 1% risk of failure)
Press: ? - help, Dir - look around, f - activate A staircase to the Orcish Mines, spattered with blood.
Okay, then.
Casting: Frozen Ramparts (safe; 1% risk of failure)
Confirm with . or Enter, or press ? or * to list all spells.
A film of ice covers your body!
The orc warrior hits you with a +0 long sword!
The orc hits you but does no damage.
You are electrocuted!
The orc warrior closely misses you. The orc misses you.
The orc barely misses you. The ogre hits you but does no damage.
Casting: Ozocubu's Armour (safe; 1% risk of failure)
Confirm with . or Enter, or press ? or * to list all spells.
Casting: Frozen Ramparts (safe; 1% risk of failure)
Press: ? - help, Dir - look around, f - activate A staircase to the Orcish Mines, spattered with blood.
The walls around you are covered in ice.
The wall freezes the orc warrior.
The orc warrior hits you with a +0 long sword!
* * * LOW HITPOINT WARNING * * *
The wall freezes the orc!
You kill the orc!
The wall freezes the orc warrior!
The orc warrior barely misses you.
The wall freezes the orc.
The orc hits you but does no damage.
You are electrocuted!
* * * LOW HITPOINT WARNING * * *
The wall freezes the orc.
The orc hits you but does no damage.
Unknown command.
Unknown command.
Unknown command.
You feel better.
The wall freezes the orc warrior!
The orc warrior hits you with a +0 long sword.
* * * LOW HITPOINT WARNING * * *
The wall freezes the orc!
You kill the orc!
The wall freezes the orc warrior!
The orc warrior hits you but does no damage.
The wall freezes the ogre.
The ogre hits you with a +0 giant club!!
You die...

#..#..###.#......#.)).#......#.
#..#..# #.#......#..#.#......#.
#..#..###############.#......#.
#.......#...# #...#.########.
#....####.8.# #.8.##.........
#....# #...## ##...##.........
#....# ##.#'###'#.###..#.....#
#....# #.##)oO##.##'.........
#....# #.##o@)##.###.........
#....#####.##o..##.##.....#####
#.##.#..##.#'###'#.##.###.#....
#.##.#..#..[#####...#.....#....
#....#..#.8(......8.'.....##...
#....#....).#####...#[.....#...
#.##.#..##.#######)##)###..#...
#.##.#.........#...[[)###..'...
#....########'##...[).))...####


You could see 2 orc warriors, an ogre and an orc.

Vanquished Creatures
  A boulder beetle (D:10)
  Erolcha (D:10)
  A two-headed ogre (D:10)
  An orc knight (D:10)
  A kobold demonologist (D:10)
  2 trolls
  Sigmund (D:3)
  23 yaks
  2 wraiths (D:10)
  A wyvern (D:10)
  Duvessa (D:7)
  An acid dragon (D:10)
  A water moccasin (D:8)
  2 sky beasts
  A black bear (D:4)
  An ice beast (D:7)
  2 orc warriors
  An ogre (D:7)
  4 centaurs
  4 kobold brigands
  Blork the orc (D:6)
  2 bullfrogs
  A necrophage (D:7)
  4 scorpions
  8 wights
  Dowan (D:7)
  6 killer bees (D:10)
  3 howler monkeys
  3 hounds
  14 orc priests
  2 jellies (D:5)
  Jessica (D:3)
  Terence (D:2)
  2 gnoll boudas
  4 iguanas
  15 orc wizards
  8 mummies (Ossuary)
  8 adders
  11 gnolls
  A shadow imp (D:7)
  An ufetubus (D:5)
  3 dart slugs
  63 orcs
  4 bats
  6 endoplasms
  5 giant cockroaches
  11 goblins
  9 hobgoblins
  12 jackals
  20 kobolds
  5 quokkas
  9 ball pythons
  3 frilled lizards (D:1)
  4 kobold zombies (Ossuary)
  4 orc zombies (Ossuary)
  A quokka zombie (D:6)
  7 rats
  A rat zombie (D:6)
316 creatures vanquished.

Notes
Turn   | Place    | Note
-------+----------+-------------------------------------------
     0 | D:1      | manyhoops the Demigod Ice Elementalist began the quest for
                  | the Orb.
     0 | D:1      | Reached XP level 1. HP: 14/14 MP: 5/5
   232 | D:1      | Reached skill level 4 in Ice Magic
   348 | D:1      | Reached XP level 2. HP: 17/20 MP: 2/7
  1264 | D:1      | Reached XP level 3. HP: 25/26 MP: 7/9
  1268 | D:1      | Learned a level 3 spell: Frozen Ramparts
  2447 | D:2      | Reached XP level 4. HP: 23/33 MP: 6/10
  2566 | D:2      | Noticed Terence
  2575 | D:2      | Learned a level 3 spell: Ozocubu's Armour
  2581 | D:2      | Killed Terence
  2939 | D:3      | Noticed Jessica
  2942 | D:3      | Killed Jessica
  2943 | D:3      | Reached skill level 5 in Ice Magic
  3026 | D:3      | Identified the +0 ring mail "Bouz" {rPois rN+ Will+}
  3065 | D:3      | Learned a level 2 spell: Ensorcelled Hibernation
  3317 | D:3      | Reached XP level 5. HP: 38/38 MP: 8/12
  3542 | D:3      | Noticed Sigmund
  3567 | D:3      | Killed Sigmund
  3568 | D:3      | Reached XP level 6. HP: 28/45 MP: 5/14
  3814 | D:4      | Identified the +9 hand axe of Ecsekler {freeze, rElec Will-
                  | Dex+2}
  3910 | D:4      | Reached skill level 6 in Ice Magic
  4165 | D:4      | Identified the +1 scale mail of the Hippo {+Inv rElec rPois
                  | rF-}
  4179 | D:4      | Reached XP level 7. HP: 47/50 MP: 14/17
  4231 | D:4      | Learned a level 5 spell: Freezing Cloud
  4506 | D:4      | Reached skill level 1 in Conjurations
  4914 | D:5      | Entered Level 5 of the Dungeon
  4922 | D:5      | Reached skill level 1 in Air Magic
  5635 | D:5      | Found a staircase to the Ecumenical Temple.
  5916 | D:6      | Found a sand-covered staircase.
  5924 | Ossuary  | Entered an ossuary
  6332 | Ossuary  | Reached XP level 8. HP: 46/57 MP: 18/18
  7009 | D:6      | Reached skill level 5 in Conjurations
  7266 | D:6      | You are sucked into a shaft and drop 3 floors!
  7315 | D:9      | Noticed a troll
  7404 | D:8      | Reached skill level 7 in Ice Magic
  7501 | D:8      | Reached skill level 5 in Spellcasting
  7720 | D:8      | Reached XP level 9. HP: 28/63 MP: 18/21
  7725 | D:8      | Learned a level 4 spell: Hailstorm
  8379 | D:7      | Reached skill level 8 in Ice Magic
  8732 | D:6      | Noticed Blork the orc
  8738 | D:6      | Killed Blork the orc
  8933 | D:7      | Reached skill level 1 in Armour
  9847 | D:7      | Noticed Duvessa
  9853 | D:7      | Noticed Dowan
  9856 | D:7      | Killed Dowan
  9862 | D:7      | Killed Duvessa
 10038 | D:7      | Reached skill level 5 in Armour
 10319 | D:7      | Reached skill level 1 in Fighting
 11455 | D:10     | Entered Level 10 of the Dungeon
 11607 | D:10     | Reached XP level 10. HP: 68/78 MP: 16/22
 11733 | D:10     | Noticed Erolcha
 11746 | D:10     | Killed Erolcha
 11818 | D:10     | Noticed a two-headed ogre
 11825 | D:10     | Killed a two-headed ogre
 12304 | D:10     | Found a staircase to the Orcish Mines.
 12382 | D:10     | Reached skill level 9 in Ice Magic
 12514 | D:10     | Noticed a boulder beetle
 12538 | D:10     | Killed a boulder beetle
 12539 | D:10     | Reached XP level 11. HP: 50/89 MP: 1/26
 13219 | D:10     | Reached skill level 10 in Ice Magic
 13914 | Orc:1    | Entered Level 1 of the Orcish Mines
 13914 | Orc:1    | Noticed an orc knight
 13927 | D:10     | Killed an orc knight
 14086 | D:10     | Demolished by an ogre

Illustrated notes

Levels and vault maps discovered:
D:1:      shiori_arrival_whats_in_store_for_you, layout_loops_ring,
          shapermc_ecumenical_altar_mp_urbaneastern, minmay_close_crescents
D:2:      layout_loops_cross, serial_aquarium, aquarium_bridge_straight
          [aquarium_subvault_bridge, aquarium_subvault_window,
          aquarium_subvault_bridge, aquarium_subvault_wall],
          aquarium_bridge_square [aquarium_subvault_bridge,
          aquarium_subvault_window, aquarium_subvault_bridge,
          aquarium_subvault_wall], aquarium_window_fake, aquarium_window_2,
          aquarium_window_corridor_2, aquarium_view_2d,
          chequers_serial_rivers_small_b, uniq_terence
D:3:      layout_basic, uniq_jessica, uniq_sigmund
D:4:      layout_cave_pods, minmay_fractal_squares_5
D:5:      layout_cave_pools, palyth_temple_overflow_mages,
          minmay_temple_entry_fiery, serial_co_window_serial, co_window_paths_b,
          co_window_paths_a, co_window_paths_b, co_window_paths_b,
          co_window_paths_a, co_window_2corner, co_window_cross_2,
          co_window_of_opportunity_b, co_window_corner_ca, co_window_cross_2,
          co_window_2corner, glass_columns_b, glass_columns_c, glass_columns_b
D:6:      layout_loops_cross, pdpol_wu_jian_five_deadly_venoms, enter_ossuary_4,
          uniq_blork_the_orc
D:7:      layout_layer_cave, uniq_duvessa
D:8:      layout_rooms, grunt_temple_overflow_open, fedhas_altar_4
D:9:      layout_gridville, david_lair_shrubbed, uniq_maurice
D:10:     layout_stronghold, hiddenorc2_lemuel, grunt_potential, uniq_erolcha
Orc:1:    layout_caves, nicolae_shop_vocational

Skill      XL: |  1  2  3  4  5  6  7  8  9 10 11 |
---------------+----------------------------------+-----
Ice Magic      | 4 5 6 7 8 9 10 | 10.1
Spellcasting   | 2 3 4 5 7 8 |  8.1
Conjurations   | 3 5 6 |  6.4
Air Magic      | 3 |  3.1
Armour         | 5 |  5.3
Fighting       | 4 6 |  6.0
Dodging        | |  1.7
Stealth        | |  1.7

Action                   |  1- 3 |  4- 6 |  7- 9 | 10-12 || total
-------------------------+-------+-------+-------+-------++-------
Melee: Unarmed           |     2 |       |       |     2 ||     4
       Dagger            |    28 |    27 |   118 |    46 ||   219
       Punch             |       |       |     2 |     1 ||     3
Throw: Dart              |       |       |    17 |       ||    17
 Cast: Freeze            |    83 |    35 |   225 |    46 ||   389
       Frozen Ramparts   |       |    12 |    34 |    19 ||    65
       Ozocubu's Armour  |       |     7 |    20 |    10 ||    37
       Ensorcelled Hiber |       |       |     3 |     2 ||     5
       Hailstorm         |       |       |    23 |    20 ||    43
  Use: Potion            |     2 |       |     5 |     3 ||    10
       Scroll            |       |       |    12 |       ||    12
 Stab: Sleeping          |       |       |     3 |       ||     3
Armor: Robe              |    28 |    26 |   140 |    64 ||   258
       Skin              |       |       |       |    16 ||    16
Dodge: Dodged            |    65 |    50 |   251 |    94 ||   460

Table legend: (Time is in decaauts)
 A = Elapsed time spent in this place.
 B = Non-inter-level travel time spent in this place.
 C = Inter-level travel time spent in this place.
 D = Time resting spent in this place.
 E = Time spent auto-exploring this place.
 F = Levels seen in this place.
 G = Mean time per level.
                   A        B        C        D        E       F      G
               +--------+--------+--------+--------+--------+-----+--------+
         Total |  14114 |  13723 |    391 |   1330 |  10230 |  12 | 1176.2 |
       Dungeon |  13520 |  13130 |    390 |   1299 |   9845 |  10 | 1352.0 |
  Orcish Mines |      6 |      6 |      0 |      0 |      0 |   1 |    6.0 |
       Ossuary |    587 |    587 |      0 |     31 |    385 |   1 |  587.0 |
               +--------+--------+--------+--------+--------+-----+--------+

Top non-repeatable levels by time:
    D:10: 2643 daAuts
     D:7: 2159 daAuts
     D:1: 1491 daAuts
     D:2: 1330 daAuts
     D:6: 1234 daAuts
     D:8: 1161 daAuts
     D:4: 1114 daAuts
     D:5: 985 daAuts
     D:3: 978 daAuts
 Ossuary: 587 daAuts
     D:9: 421 daAuts
   Orc:1: 6 daAuts
